[Event "FIDE WYCC Girls U18 2023"]
[Site "Montesilvano"]
[Date "2023.11.21"]
[Round "8.19"]
[White "Striskova, Lucia"]
[Black "Swara Lakshmi S Nair"]
[Result "0-1"]
[ECO "B90"]
[WhiteElo "2039"]
[BlackElo "1659"]
[Annotator "NA RC"]
[PlyCount "100"]
[EventDate "2023.11.13"]
[EventType "swiss"]
[EventCountry "ITA"]
[SourceTitle "playchess.com"]
[Source "ChessBase"]
[SourceQuality "1"]
[TimeControl "40/5400+30:1800+30"]

1. e4 c5 2. Nf3 d6 3. d4 cxd4 4. Nxd4 Nf6 5. Nc3 a6 6. Be3 e5 7. Nb3 Be6 8. f4 exf4 9. Bxf4 Nc6 10. Qe2 Rc8 11. h3 Nb4 12. a3 Nh5 13. axb4 Nxf4 14. Qf2 g5 15. b5 Bg7 16. Nd4 a5 17. g3 Ng6 18. Bg2 Qf6 19. Qxf6 Bxf6 20. Nxe6 fxe6 21. Rxa5 Bxc3+ 22. bxc3 Rxc3 23. e5 d5 24. h4 Ke7 25. Ra7 Rb8 26. hxg5 Nf8 27. Kd2 Rxg3 28. Bf1 Rxg5 29. Bd3 h5 30. Be2 Rxe5 31. Bxh5 Kd6 32. Be2 Nd7 33. Rh7 Re4 34. Bd3 Rg4 35. Be2 Re4 36. Bd3 Rg4 37. Be2 Rb4 38. Kc3 Rb1 39. Kd2 Nc5 40. Ke3 Rc8 41. Ra3 Rg8 42. Rh3 Rb4 43. c3 Re4+ 44. Kd2 Rg2 45. Re3 e5 46. Rxe4 Nxe4+ 47. Kd3 Rg3+ 48. Kc2 d4 49. Ra7 Rxc3+ 50. Kd1 Nc5 0-1

[Event "FIDE WYCC Girls U18 2023"]
[Site "Montesilvano"]
[Date "2023.11.21"]
[Round "8.20"]
[White "Belattar, Ines"]
[Black "Dakic, Marta"]
[Result "1/2-1/2"]
[ECO "A45"]
[WhiteElo "1623"]
[BlackElo "2013"]
[Annotator "NA RC"]
[PlyCount "93"]
[EventDate "2023.11.13"]
[EventType "swiss"]
[EventCountry "ITA"]
[SourceTitle "playchess.com"]
[Source "ChessBase"]
[SourceQuality "1"]
[TimeControl "40/5400+30:1800+30"]

1. d4 Nf6 2. Bf4 e6 3. e3 c5 4. c3 cxd4 5. cxd4 Be7 6. Nc3 Nc6 7. h3 Qb6 8. Qc2 Nb4 9. Qd2 Nbd5 10. Be5 Nxc3 11. bxc3 Ne4 12. Qc2 Nxc3 13. Bd3 f6 14. Bg3 Qa5 15. Kf1 f5 16. Ne2 Nxe2 17. Kxe2 b6 18. Rhc1 Ba6 19. Bxa6 Qxa6+ 20. Qd3 Qxd3+ 21. Kxd3 Ba3 22. Rc7 g5 23. Be5 Rg8 24. Rb1 Ke7 25. Rb3 Bd6 26. Bxd6+ Kxd6 27. Rbc3 b5 28. R7c5 b4 29. Rc1 a5 30. g4 Rgf8 31. gxf5 exf5 32. Re5 a4 33. Rcc5 b3 34. axb3 axb3 35. Red5+ Ke7 36. Re5+ Kd8 37. Rb5 Rf6 38. Rxb3 Ra2 39. Rb8+ Kc7 40. Rh8 h6 41. Rh7 Rxf2 42. Rd5 Rd6 43. Rxd6 Kxd6 44. Rxh6+ Ke7 45. Rh7+ Ke6 46. Rh6+ Kf7 47. Rh7+ 1/2-1/2

[Event "FIDE WYCC Girls U18 2023"]
[Site "Montesilvano"]
[Date "2023.11.21"]
[Round "8.21"]
[White "Sovetbekova, Nurai"]
[Black "Largo, Franchesca"]
[Result "1-0"]
[ECO "E73"]
[WhiteElo "1801"]
[BlackElo "1658"]
[Annotator "NA RC"]
[PlyCount "83"]
[EventDate "2023.11.13"]
[EventType "swiss"]
[EventCountry "ITA"]
[SourceTitle "playchess.com"]
[Source "ChessBase"]
[SourceQuality "1"]
[TimeControl "40/5400+30:1800+30"]

1. d4 Nf6 2. c4 g6 3. Nc3 Bg7 4. e4 d6 5. Be2 O-O 6. Be3 e5 7. d5 a5 8. g4 Na6 9. g5 Ne8 10. h4 f5 11. gxf6 Nxf6 12. h5 Nc5 13. hxg6 hxg6 14. Qc2 Ng4 15. Bxg4 Bxg4 16. Nge2 Bf3 17. Rh3 g5 18. O-O-O g4 19. Rh2 Kf7 20. Rh5 Ke8 21. Rg1 Qf6 22. Ng3 Rf7 23. Nf5 Bf8 24. Ng3 Kd7 25. Rf5 Qg7 26. Na4 Ra6 27. Nh5 Qg6 28. Nxc5+ dxc5 29. Rxe5 Bh6 30. Qd2 Qd6 31. Qc3 Bxe3+ 32. fxe3 Qh6 33. Qd2 Qh8 34. Rg5 Rh6 35. Ng3 Rh2 36. Qc3 Qh6 37. Rf5 Re7 38. e5 Rh3 39. e6+ Ke8 40. Rf6 Qh8 41. Qxa5 Reh7 42. Rxf3 1-0

[Event "FIDE WYCC Girls U18 2023"]
[Site "Montesilvano"]
[Date "2023.11.21"]
[Round "8.22"]
[White "Sasvatha A"]
[Black "Keerti Shree Reddy"]
[Result "1/2-1/2"]
[ECO "B28"]
[WhiteElo "1568"]
[BlackElo "1741"]
[Annotator "NA RC"]
[PlyCount "96"]
[EventDate "2023.11.13"]
[EventType "swiss"]
[EventCountry "ITA"]
[SourceTitle "playchess.com"]
[Source "ChessBase"]
[SourceQuality "1"]
[TimeControl "40/5400+30:1800+30"]

1. e4 c5 2. Nf3 a6 3. c4 Nc6 4. d4 cxd4 5. Nxd4 Nf6 6. Nc3 g6 7. Be3 d6 8. Be2 Bg7 9. O-O O-O 10. f3 Nxd4 11. Bxd4 Bd7 12. Qd2 a5 13. b3 Bc6 14. Kh1 Nd7 15. Be3 Nc5 16. Rad1 Qb6 17. Nd5 Bxd5 18. exd5 Qb4 19. Qc2 a4 20. Rb1 axb3 21. axb3 Rfc8 22. Bd2 Qa3 23. b4 Nd7 24. Rfc1 Qa7 25. Qe4 Qd4 26. Qxd4 Bxd4 27. Bg5 Ra2 28. Bf1 f6 29. Bf4 Kf7 30. Rd1 Be5 31. Be3 b6 32. f4 Bc3 33. Rb3 Ba1 34. Rbb1 Rca8 35. Rdc1 f5 36. Bg1 R2a3 37. Be2 Bc3 38. Rd1 Ra2 39. Bf1 Bd2 40. g3 Bc3 41. Rb3 Bg7 42. Bd3 Rc8 43. Re1 h5 44. h3 Rca8 45. Bb1 R2a3 46. Ree3 Ra1 47. Re1 R8a3 48. Ree3 Ra8 1/2-1/2

[Event "FIDE WYCC Girls U18 2023"]
[Site "Montesilvano"]
[Date "2023.11.21"]
[Round "8.23"]
[White "Hoanca, Alexia-Ioana"]
[Black "O'Carroll, Om"]
[Result "0-1"]
[ECO "B62"]
[WhiteElo "1830"]
[BlackElo "1737"]
[Annotator "NA RC"]
[PlyCount "96"]
[EventDate "2023.11.13"]
[EventType "swiss"]
[EventCountry "ITA"]
[SourceTitle "playchess.com"]
[Source "ChessBase"]
[SourceQuality "1"]
[TimeControl "40/5400+30:1800+30"]

1. e4 c5 2. Nf3 d6 3. d4 cxd4 4. Nxd4 Nf6 5. Nc3 Nc6 6. Bg5 e6 7. Bb5 Bd7 8. Qd3 Nxd4 9. Bxd7+ Qxd7 10. Qxd4 Be7 11. O-O-O Rc8 12. Bxf6 Bxf6 13. Qxd6 Qxd6 14. Rxd6 Bxc3 15. bxc3 Rxc3 16. Rhd1 O-O 17. Rd7 Ra3 18. Kb2 Ra4 19. Rxb7 Rxe4 20. Rd2 a5 21. f3 Rc4 22. Kb3 Rfc8 23. Rd8+ Rxd8 24. Kxc4 g6 25. Rb5 Rd2 26. Kc3 Rxg2 27. Rxa5 Rxh2 28. Ra8+ Kg7 29. a4 Rf2 30. a5 Rxf3+ 31. Kb4 Rf1 32. a6 h5 33. Kc5 h4 34. Rb8 Ra1 35. Rb4 Rxa6 36. Rxh4 g5 37. Rg4 Kg6 38. c4 f5 39. Rg1 f4 40. Kb5 Ra8 41. c5 e5 42. Kc6 e4 43. Kb7 Re8 44. c6 e3 45. c7 Re7 46. Kc6 Rxc7+ 47. Kxc7 f3 48. Kd6 f2 0-1

[Event "FIDE WYCC Girls U18 2023"]
[Site "Montesilvano"]
[Date "2023.11.21"]
[Round "8.24"]
[White "Stagno, Milena"]
[Black "Menon, Gauri"]
[Result "0-1"]
[ECO "B22"]
[WhiteElo "1444"]
[BlackElo "1821"]
[Annotator "NA RC"]
[PlyCount "80"]
[EventDate "2023.11.13"]
[EventType "swiss"]
[EventCountry "ITA"]
[SourceTitle "playchess.com"]
[Source "ChessBase"]
[SourceQuality "1"]
[TimeControl "40/5400+30:1800+30"]

1. e4 c5 2. c3 d5 3. exd5 Nf6 4. d4 Nxd5 5. Nf3 cxd4 6. cxd4 g6 7. Nc3 Nxc3 8. bxc3 Bg7 9. Bf4 O-O 10. Qd2 Qb6 11. Be2 Be6 12. O-O Rc8 13. Be5 Bxe5 14. Nxe5 Qa5 15. Bf3 Nc6 16. Nxc6 bxc6 17. Qe3 Rc7 18. Rfc1 Bd5 19. c4 Bxf3 20. Qxf3 Rd8 21. Rd1 Qa6 22. Qb3 Rb7 23. Qc3 Rbd7 24. f4 c5 25. d5 e6 26. Qb3 exd5 27. cxd5 c4 28. Qf3 Qb6+ 29. Kf1 Qc5 30. Rac1 Rxd5 31. Rxd5 Rxd5 32. Qc3 Rd4 33. g3 Qd5 34. Rc2 Qh1+ 35. Kf2 Qxh2+ 36. Ke1 Qg1+ 37. Ke2 Qg2+ 38. Ke1 Re4+ 39. Kd1 Qf1+ 40. Kd2 Qe1# 0-1

[Event "FIDE WYCC Girls U18 2023"]
[Site "Montesilvano"]
[Date "2023.11.21"]
[Round "8.25"]
[White "Latifah, Darmaki"]
[Black "Alexandrova, Angelina"]
[Result "1/2-1/2"]
[ECO "C00"]
[WhiteElo "1367"]
[BlackElo "1814"]
[Annotator "NA RC"]
[PlyCount "66"]
[EventDate "2023.11.13"]
[EventType "swiss"]
[EventCountry "ITA"]
[SourceTitle "playchess.com"]
[Source "ChessBase"]
[SourceQuality "1"]
[TimeControl "40/5400+30:1800+30"]

1. e4 e6 2. d4 d5 3. Bd3 dxe4 4. Bxe4 Nf6 5. Bf3 c5 6. Ne2 Nc6 7. Be3 cxd4 8. Nxd4 Ne5 9. Nc3 Be7 10. Ndb5 O-O 11. Qxd8 Nxf3+ 12. gxf3 Rxd8 13. Nc7 Bd7 14. Nxa8 Rxa8 15. Ke2 Bb4 16. Bd4 Rc8 17. Rhg1 Kf8 18. a3 Bd6 19. h4 b6 20. Rad1 e5 21. Bxb6 Bxa3 22. bxa3 axb6 23. Kd2 Rc4 24. Rb1 Rc6 25. Rge1 Re6 26. Rb4 Ke7 27. Reb1 Rd6+ 28. Ke2 Rc6 29. Kd2 Rd6+ 30. Kc1 Rc6 31. Kd2 Rd6+ 32. Ke3 Rc6 33. Kd2 Rd6+ 1/2-1/2

[Event "FIDE WYCC Girls U18 2023"]
[Site "Montesilvano"]
[Date "2023.11.21"]
[Round "8.26"]
[White "Tsapaki, Asimenia"]
[Black "Hernandez Ortega, Carolina"]
[Result "1-0"]
[ECO "C44"]
[WhiteElo "1702"]
[BlackElo "1796"]
[Annotator "NA RC"]
[PlyCount "65"]
[EventDate "2023.11.13"]
[EventType "swiss"]
[EventCountry "ITA"]
[SourceTitle "playchess.com"]
[Source "ChessBase"]
[SourceQuality "1"]
[TimeControl "40/5400+30:1800+30"]

1. e4 e5 2. Nf3 Nc6 3. d4 exd4 4. Nxd4 Bb4+ 5. c3 Bc5 6. Be3 Bb6 7. Bc4 Ne5 8. Bb3 Nf6 9. O-O O-O 10. Re1 Nfg4 11. Na3 d6 12. Nc4 Qh4 13. h3 Nxc4 14. Bxc4 Nxe3 15. Rxe3 Bd7 16. Qd3 Rae8 17. Rae1 Be6 18. R1e2 c6 19. Bb3 Bxb3 20. axb3 d5 21. Nf5 Qd8 22. Rg3 g6 23. e5 Kh8 24. Nh6 Qh4 25. Ng4 Re6 26. Nf6 Rd8 27. Rg4 Qh6 28. Qg3 Qg7 29. Rh4 h6 30. Qg5 h5 31. Rxh5+ gxh5 32. Qxh5+ Qh7 33. Qxh7# 1-0

[Event "FIDE WYCC Girls U18 2023"]
[Site "Montesilvano"]
[Date "2023.11.21"]
[Round "8.27"]
[White "Egger, Stefanie"]
[Black "Sukyte, Kotryna"]
[Result "0-1"]
[ECO "D20"]
[WhiteElo "1784"]
[BlackElo "1651"]
[Annotator "NA RC"]
[PlyCount "134"]
[EventDate "2023.11.13"]
[EventType "swiss"]
[EventCountry "ITA"]
[SourceTitle "playchess.com"]
[Source "ChessBase"]
[SourceQuality "1"]
[TimeControl "40/5400+30:1800+30"]

1. d4 d5 2. c4 dxc4 3. Nc3 c6 4. a4 e5 5. e3 exd4 6. exd4 Be6 7. Nf3 Bb4 8. Be2 Nf6 9. O-O O-O 10. Bg5 Nbd7 11. Qc2 Qa5 12. Na2 Bd6 13. Bxc4 Bxc4 14. Qxc4 Nb6 15. Qc2 Nbd5 16. Rfe1 Rfe8 17. Bd2 Qc7 18. h3 h6 19. Rac1 Rad8 20. b4 a6 21. Qb1 Rxe1+ 22. Rxe1 Qb6 23. Kh1 Re8 24. Rxe8+ Nxe8 25. Qe1 Nec7 26. Kg1 Ne6 27. a5 Qb5 28. Nc3 Qc4 29. Nxd5 Qxd5 30. Bc3 Be7 31. Qe5 Qxe5 32. Nxe5 Nf4 33. Kf1 Nd5 34. Bd2 Nxb4 35. Ke2 Nd5 36. Kd3 f6 37. Nd7 Kf7 38. Nc5 Bxc5 39. dxc5 Ke6 40. Ke4 f5+ 41. Kd4 Nc7 42. f4 Nb5+ 43. Kc4 Kf6 44. g4 fxg4 45. hxg4 g6 46. Kd3 h5 47. gxh5 gxh5 48. Ke4 h4 49. Be1 h3 50. Bh4+ Ke6 51. f5+ Kf7 52. Bg3 Nc3+ 53. Kd3 Nd5 54. Ke4 Nf6+ 55. Kf3 Nd7 56. Kg4 Nxc5 57. Kxh3 Ne4 58. Be1 Kf6 59. Kg4 Ke5 60. Bh4 c5 61. Bg5 Nf2+ 62. Kg3 Kxf5 63. Kxf2 Kxg5 64. Ke3 Kf5 65. Kd3 Ke5 66. Kc3 Kd5 67. Kb3 Kd4 0-1

[Event "FIDE WYCC Girls U18 2023"]
[Site "Montesilvano"]
[Date "2023.11.21"]
[Round "8.28"]
[White "Soares, Sara Joana De Moura "]
[Black "Mohd Azman, Farihah Nur Aisyah"]
[Result "1/2-1/2"]
[ECO "A40"]
[WhiteElo "1772"]
[BlackElo "1379"]
[Annotator "NA RC"]
[PlyCount "112"]
[EventDate "2023.11.13"]
[EventType "swiss"]
[EventCountry "ITA"]
[SourceTitle "playchess.com"]
[Source "ChessBase"]
[SourceQuality "1"]
[TimeControl "40/5400+30:1800+30"]

1. d4 c6 2. c4 d5 3. Nc3 Nf6 4. e3 e6 5. Qc2 a6 6. Nf3 Nbd7 7. Be2 Be7 8. O-O O-O 9. b3 b6 10. Bb2 Bb7 11. e4 dxe4 12. Nxe4 c5 13. Nxf6+ Nxf6 14. dxc5 Be4 15. Qc3 bxc5 16. Ng5 Bg6 17. Rad1 Qc7 18. Bd3 Rfd8 19. Bxg6 hxg6 20. h3 Rd7 21. Qf3 Rad8 22. Bc3 Rxd1 23. Rxd1 Rxd1+ 24. Qxd1 Qf4 25. Nf3 Qe4 26. Ba5 Bf8 27. Bb6 Qc6 28. Qd8 Nd7 29. Ba5 f6 30. Nh4 Kf7 31. Nf3 Qd6 32. Qc8 Qd1+ 33. Kh2 Bd6+ 34. g3 Be7 35. Kg2 g5 36. Qxa6 f5 37. Bc7 g4 38. hxg4 fxg4 39. Ng1 Nf6 40. Bf4 Ne4 41. Qb7 Qc2 42. Be3 Nd6 43. Qa8 Ne4 44. Qc6 Nf6 45. Qb7 Ne4 46. Ne2 Nd6 47. Qc7 Qxe2 48. Bxc5 Qe4+ 49. Kg1 Qb1+ 50. Kg2 Qe4+ 51. Kg1 Qb1+ 52. Kg2 Qe4+ 53. Kh2 Qh7+ 54. Kg2 Qe4+ 55. Kf1 Qb1+ 56. Kg2 Qe4+ 1/2-1/2

[Event "FIDE WYCC Girls U18 2023"]
[Site "Montesilvano"]
[Date "2023.11.21"]
[Round "8.29"]
[White "Galli, Maria Vittoria"]
[Black "Hyatt, Jessica"]
[Result "0-1"]
[ECO "C02"]
[WhiteElo "1452"]
[BlackElo "1818"]
[Annotator "NA RC"]
[PlyCount "92"]
[EventDate "2023.11.13"]
[EventType "swiss"]
[EventCountry "ITA"]
[SourceTitle "playchess.com"]
[Source "ChessBase"]
[SourceQuality "1"]
[TimeControl "40/5400+30:1800+30"]

1. e4 e6 2. d4 d5 3. e5 c5 4. c3 Nc6 5. Nf3 Qb6 6. Bd3 Bd7 7. Bc2 cxd4 8. cxd4 Nb4 9. Ba4 Qa6 10. Bc2 Bb5 11. Nc3 Rc8 12. a3 Nxc2+ 13. Qxc2 Bb4 14. Bd2 Ne7 15. Rc1 Bd3 16. Qd1 Bxc3 17. Bxc3 O-O 18. Nd2 f6 19. Nb3 b6 20. f3 Nc6 21. Kf2 fxe5 22. dxe5 Rfd8 23. Bd4 Rc7 24. Qd2 Rdc8 25. Rc3 Bc4 26. Nc1 Nxd4 27. Qxd4 Bb5 28. Na2 Rc4 29. Qd2 d4 30. Rxc4 Rxc4 31. b3 Rc8 32. a4 Bd3 33. Rc1 Rd8 34. Rd1 Bg6 35. Qf4 d3 36. Nb4 Qc8 37. Qc4 Qd7 38. Qc3 Rc8 39. Qd2 Qd4+ 40. Kf1 Rc3 41. Rc1 Rxc1+ 42. Qxc1 Qxb4 43. Qc8+ Kf7 44. Qd7+ Qe7 45. Qd4 Qc7 46. Qc4 Qxe5 0-1

[Event "FIDE WYCC Girls U18 2023"]
[Site "Montesilvano"]
[Date "2023.11.21"]
[Round "8.30"]
[White "Sipos, Stefania"]
[Black "Lunar Villaman, Sofia"]
[Result "1-0"]
[ECO "B32"]
[WhiteElo "1932"]
[BlackElo "1305"]
[Annotator "NA RC"]
[PlyCount "77"]
[EventDate "2023.11.13"]
[EventType "swiss"]
[EventCountry "ITA"]
[SourceTitle "playchess.com"]
[Source "ChessBase"]
[SourceQuality "1"]
[TimeControl "40/5400+30:1800+30"]

1. e4 c5 2. Nf3 Nc6 3. d4 cxd4 4. Nxd4 a6 5. Nc3 Qc7 6. f4 e6 7. Nxc6 bxc6 8. Bd3 d6 9. O-O Nf6 10. Qe1 e5 11. fxe5 dxe5 12. Na4 Bd7 13. c4 Qd6 14. Qe3 Qb4 15. b3 c5 16. Bd2 Qb8 17. Nc3 Qd6 18. Nd5 Nxd5 19. cxd5 Bb5 20. Rac1 Be7 21. Bc4 h6 22. Qg3 Bf6 23. Be3 Rc8 24. Qg4 Bd7 25. Qe2 Ra8 26. Bd3 Bg5 27. Bxc5 Qg6 28. Be3 Bh4 29. Rc7 Bd8 30. Rcc1 Bh4 31. Bc5 Bg5 32. Rc2 Bh4 33. Qd2 Bh3 34. Qc3 Bf6 35. Bd6 Qg5 36. Qc6+ Bd7 37. Qxa8+ Bd8 38. Rcf2 Qe3 39. Bxa6 1-0

[Event "FIDE WYCC Girls U18 2023"]
[Site "Montesilvano"]
[Date "2023.11.21"]
[Round "8.31"]
[White "Changkachith, Alyssa"]
[Black "Ajradinoska, Indzi"]
[Result "0-1"]
[ECO "C01"]
[WhiteElo "1147"]
[BlackElo "1594"]
[Annotator "NA RC"]
[PlyCount "136"]
[EventDate "2023.11.13"]
[EventType "swiss"]
[EventCountry "ITA"]
[SourceTitle "playchess.com"]
[Source "ChessBase"]
[SourceQuality "1"]
[TimeControl "40/5400+30:1800+30"]

1. e4 e6 2. d4 d5 3. exd5 exd5 4. Bf4 Nc6 5. Nf3 Bd6 6. Bxd6 Qxd6 7. Be2 Nge7 8. O-O Bg4 9. c3 f6 10. Na3 g5 11. Qd2 h5 12. c4 Qb4 13. Qxb4 Nxb4 14. Nb5 Kd7 15. cxd5 Nbxd5 16. h3 Bf5 17. Rac1 c6 18. Nc3 Rad8 19. Nd2 Nf4 20. Rfe1 Rhe8 21. Nde4 Nxe2+ 22. Rxe2 Bxe4 23. Nxe4 Nd5 24. Rce1 b6 25. a3 Rf8 26. Ng3 h4 27. Nf5 Rde8 28. Kf1 a5 29. g3 hxg3 30. fxg3 Rh8 31. Rxe8 Rxe8 32. Rxe8 Kxe8 33. Kf2 Kf7 34. Kf3 a4 35. Ke4 b5 36. Nd6+ Ke6 37. Nf5 Nb6 38. Ne3 Nd7 39. d5+ cxd5+ 40. Nxd5 Nc5+ 41. Kd4 Nb3+ 42. Ke4 f5+ 43. Kf3 Kxd5 44. h4 Nd4+ 45. Ke3 Ke5 46. hxg5 Ne6 47. g6 Kf6 48. Kd3 Kxg6 49. Kc3 Kf6 50. b3 axb3 51. Kxb3 Ke5 52. Kb4 Nd4 53. Kc3 Ke4 54. Kd2 Kf3 55. Kc3 Nc6 56. Kd2 Kxg3 57. Ke2 f4 58. Kd3 f3 59. Ke4 f2 60. Kd5 f1=Q 61. Kxc6 Qc4+ 62. Kb6 Kf4 63. Ka5 Ke5 64. Kb6 Kd6 65. a4 bxa4 66. Ka5 Qb3 67. Ka6 Kc6 68. Ka7 Qb7# 0-1

[Event "FIDE WYCC Girls U18 2023"]
[Site "Montesilvano"]
[Date "2023.11.21"]
[Round "8.32"]
[White "Darweeche, Roaa"]
[Black "Gonzalez Romo, Greshya Jocelyn"]
[Result "1/2-1/2"]
[ECO "D15"]
[WhiteElo "1406"]
[BlackElo "1494"]
[Annotator "NA RC"]
[PlyCount "62"]
[EventDate "2023.11.13"]
[EventType "swiss"]
[EventCountry "ITA"]
[SourceTitle "playchess.com"]
[Source "ChessBase"]
[SourceQuality "1"]
[TimeControl "40/5400+30:1800+30"]

1. Nf3 d5 2. c4 c6 3. d4 Nf6 4. Nc3 a6 5. a3 e6 6. Bg5 Be7 7. e3 O-O 8. c5 Nbd7 9. b4 h6 10. Bh4 Nh7 11. Bg3 Ng5 12. Bd3 Bf6 13. Nxg5 Bxg5 14. O-O Re8 15. f4 Be7 16. a4 b6 17. a5 b5 18. Qf3 f5 19. h3 Rf8 20. Bh2 Qe8 21. Be2 Nf6 22. g4 Ne4 23. Nxe4 fxe4 24. Qg2 Qg6 25. Bg3 Qh7 26. Kf2 Bd7 27. Ke1 Rf7 28. Kd2 Raf8 29. h4 g6 30. Rh1 Qg7 31. g5 h5 1/2-1/2

[Event "FIDE WYCC Girls U18 2023"]
[Site "Montesilvano"]
[Date "2023.11.21"]
[Round "8.33"]
[White "Saraci, Rinesa"]
[Black "Larsson, Susanne Wiggen"]
[Result "1-0"]
[ECO "A45"]
[WhiteElo "1481"]
[BlackElo "1159"]
[Annotator "NA RC"]
[PlyCount "107"]
[EventDate "2023.11.13"]
[EventType "swiss"]
[EventCountry "ITA"]
[SourceTitle "playchess.com"]
[Source "ChessBase"]
[SourceQuality "1"]
[TimeControl "40/5400+30:1800+30"]

1. d4 Nf6 2. Bf4 g6 3. e3 Bg7 4. Nf3 O-O 5. c3 d6 6. Bd3 b6 7. h3 Bb7 8. Bc2 Nbd7 9. O-O Re8 10. Nbd2 e5 11. dxe5 dxe5 12. Bg5 c5 13. e4 Qc7 14. Re1 Nf8 15. Qc1 Ne6 16. Nc4 Nxg5 17. Qxg5 Nh5 18. Qe3 Nf4 19. Red1 Rad8 20. Kh2 b5 21. Ncd2 Bh6 22. g3 Nxh3 23. Qxh6 Nxf2 24. Kg2 Nxd1 25. Rxd1 f6 26. Rh1 Qg7 27. Qe3 Qc7 28. c4 a6 29. Bb3 b4 30. Bc2 a5 31. Nb3 Rc8 32. Qh6 Re7 33. Nh4 Rg7 34. Qe3 Ba6 35. Nd2 Rd8 36. Nhf3 Bb7 37. Nf1 Ba6 38. b3 g5 39. N1h2 g4 40. Nh4 Bc8 41. Rf1 Rd6 42. Nf5 Bxf5 43. Rxf5 Qd8 44. Nf1 Qc7 45. Qf2 Qe7 46. Ne3 Rg6 47. Nd5 Qg7 48. Qxc5 Rd7 49. Qc8+ Qf8 50. Qxd7 Rg7 51. Qe6+ Kh8 52. Qxf6 Qxf6 53. Rxf6 h5 54. Rh6+ 1-0

[Event "FIDE WYCC Girls U18 2023"]
[Site "Montesilvano"]
[Date "2023.11.21"]
[Round "8.34"]
[White "Chavez Echeverria, Ana Karen"]
[Black "Monteiro, Helen Ramazzotte"]
[Result "1-0"]
[ECO "A48"]
[WhiteElo "1230"]
[BlackElo "1447"]
[Annotator "NA RC"]
[PlyCount "67"]
[EventDate "2023.11.13"]
[EventType "swiss"]
[EventCountry "ITA"]
[SourceTitle "playchess.com"]
[Source "ChessBase"]
[SourceQuality "1"]
[TimeControl "40/5400+30:1800+30"]

1. d4 Nf6 2. Bf4 g6 3. Nf3 Bg7 4. e3 O-O 5. c4 d6 6. Nc3 Nbd7 7. Be2 Nh5 8. Bg5 Re8 9. O-O h6 10. Bh4 Nhf6 11. h3 e5 12. dxe5 dxe5 13. e4 c6 14. Qc2 a5 15. a3 Qe7 16. Rab1 Nc5 17. b4 Ne6 18. Rfd1 g5 19. Bg3 Nd7 20. c5 Nf4 21. Nd2 axb4 22. axb4 b5 23. Bf3 Qf6 24. Ne2 Nf8 25. Bxf4 exf4 26. Nf1 Ng6 27. Nh2 Ne5 28. Rd6 Re6 29. Rxe6 Bxe6 30. Nd4 Nxf3+ 31. Nhxf3 Bc4 32. e5 Qd8 33. Nxc6 Qd5 34. Ne7+ 1-0

[Event "FIDE WYCC Girls U18 2023"]
[Site "Montesilvano"]
[Date "2023.11.21"]
[Round "8.35"]
[White "Graziani, Emma"]
[Black "Yim, Jay"]
[Result "1-0"]
[ECO "B30"]
[WhiteElo "1783"]
[BlackElo "1310"]
[Annotator "NA RC"]
[PlyCount "83"]
[EventDate "2023.11.13"]
[EventType "swiss"]
[EventCountry "ITA"]
[SourceTitle "playchess.com"]
[Source "ChessBase"]
[SourceQuality "1"]
[TimeControl "40/5400+30:1800+30"]

1. e4 c5 2. Nf3 Nc6 3. d3 g6 4. g3 Bg7 5. Bg2 e5 6. O-O Nge7 7. Nbd2 O-O 8. c3 d6 9. Qc2 b5 10. Re1 a5 11. Nf1 Be6 12. Ng5 Bd7 13. f4 h6 14. Nf3 b4 15. Ne3 Be6 16. fxe5 dxe5 17. c4 Rc8 18. Nd5 Nd4 19. Nxd4 cxd4 20. Qb3 Qd6 21. a3 Bxd5 22. exd5 Ra8 23. axb4 Rfb8 24. b5 Nc8 25. Bd2 Qd8 26. c5 Qe8 27. b6 a4 28. Qb4 Ra7 29. bxa7 Rxb4 30. a8=Q Rxb2 31. Bc1 Rc2 32. Qxa4 Qxa4 33. Rxa4 Rxc5 34. Rc4 Rxc4 35. dxc4 Bf8 36. Rxe5 Nb6 37. Re8 g5 38. c5 Nc4 39. d6 d3 40. d7 Kg7 41. Rxf8 d2 42. Bxd2 1-0

[Event "FIDE WYCC Girls U18 2023"]
[Site "Montesilvano"]
[Date "2023.11.22"]
[Round "9.1"]
[White "Zhurova, Anna"]
[Black "Balabayeva, Xeniya"]
[Result "1-0"]
[ECO "C05"]
[WhiteElo "2149"]
[BlackElo "2192"]
[Annotator "RC"]
[PlyCount "129"]
[EventDate "2023.11.13"]
[EventType "swiss"]
[EventCountry "ITA"]
[SourceTitle "playchess.com"]
[Source "ChessBase"]
[SourceQuality "1"]
[TimeControl "40/5400+30:1800+30"]

1. e4 e6 2. d4 d5 3. Nd2 Nf6 4. e5 Nfd7 5. Bd3 c5 6. c3 Nc6 7. Ngf3 Qb6 8. O-O cxd4 9. cxd4 Nxd4 10. Nxd4 Qxd4 11. Nf3 Qb6 12. Qa4 Qb4 13. Qd1 Nc5 14. a3 Qg4 15. h3 Qh5 16. Bb5+ Bd7 17. Bxd7+ Nxd7 18. Qa4 Bc5 19. b4 Bb6 20. Ra2 Ke7 21. Bg5+ f6 22. exf6+ gxf6 23. Bh4 Rhg8 24. Kh1 Bc7 25. Re1 Ne5 26. Rae2 Kf8 27. Nd4 Qxh4 28. Nxe6+ Kf7 29. Nxc7 Rxg2 30. Qb3 Rag8 31. Qxd5+ Kf8 32. Ne6+ Ke7 33. Qc5+ Kf7 34. Qc7+ Kg6 35. Nf8+ Rxf8 36. Kxg2 Rg8 37. Re3 Kh6+ 38. Rg3 Ng6 39. Rg4 Qh5 40. Kh2 Qf5 41. Qc5 Qd7 42. Qe3+ Kh5 43. Qe6 Qc7+ 44. Rg3 Rf8 45. Qe2+ Kh6 46. Qe3+ Kh5 47. Qc5+ Qxc5 48. bxc5 Rc8 49. Rb1 Rc7 50. Rgb3 Rxc5 51. Rxb7 Kh6 52. Rxa7 Rc2 53. Rbb7 Rxf2+ 54. Kg3 Rc2 55. Rxh7+ Kg5 56. a4 f5 57. Rhg7 Rc3+ 58. Kf2 Kh6 59. Rgc7 Ra3 60. Ra6 Ra2+ 61. Ke1 Ra1+ 62. Kd2 Ra2+ 63. Rc2 Ra3 64. Rcc6 Rg3 65. Rxg6+ 1-0

[Event "FIDE WYCC Girls U18 2023"]
[Site "Montesilvano"]
[Date "2023.11.22"]
[Round "9.2"]
[White "Nguyen Hong Nhung"]
[Black "Voriskova, Anna"]
[Result "0-1"]
[ECO "B23"]
[WhiteElo "1975"]
[BlackElo "2065"]
[Annotator "NA RC"]
[PlyCount "86"]
[EventDate "2023.11.13"]
[EventType "swiss"]
[EventCountry "ITA"]
[SourceTitle "playchess.com"]
[Source "ChessBase"]
[SourceQuality "1"]
[TimeControl "40/5400+30:1800+30"]

1. e4 c5 2. Nc3 e6 3. f4 a6 4. Nf3 d5 5. a4 Nc6 6. d3 Nf6 7. g3 Be7 8. Bg2 dxe4 9. Nxe4 Nxe4 10. dxe4 Qxd1+ 11. Kxd1 b6 12. c3 Bb7 13. Kc2 O-O 14. Be3 Rac8 15. Rhd1 Rfd8 16. Rxd8+ Rxd8 17. Nd2 Kf8 18. Bf3 g6 19. e5 Rc8 20. Nc4 b5 21. axb5 axb5 22. Nd6 Bxd6 23. exd6 Nd8 24. d7 Rc7 25. Ra7 Ke7 26. Bxb7 Rxb7 27. Bxc5+ Kxd7 28. Ra8 f6 29. Bd4 f5 30. Bc5 Nf7 31. Ra6 e5 32. Rf6 Kc8 33. Kb3 e4 34. Kb4 Nd8 35. Bb6 Kd7 36. Kc5 Ne6+ 37. Rxe6 Kxe6 38. Ba5 e3 39. c4 bxc4 40. Bc3 e2 41. Kd4 Rxb2 42. h4 Rc2 43. Be1 Rc1 0-1

[Event "FIDE WYCC Girls U18 2023"]
[Site "Montesilvano"]
[Date "2023.11.22"]
[Round "9.3"]
[White "Naymanova, Patricie"]
[Black "Hrebenshchykova, Yelyzaveta"]
[Result "0-1"]
[ECO "C15"]
[WhiteElo "2083"]
[BlackElo "2292"]
[Annotator "RC"]
[PlyCount "78"]
[EventDate "2023.11.13"]
[EventType "swiss"]
[EventCountry "ITA"]
[SourceTitle "playchess.com"]
[Source "ChessBase"]
[SourceQuality "1"]
[TimeControl "40/5400+30:1800+30"]

1. d4 e6 2. Nc3 d5 3. e4 Bb4 4. Bd3 dxe4 5. Bxe4 Nf6 6. Bf3 Nc6 7. Nge2 e5 8. O-O Bxc3 9. Bxc6+ bxc6 10. bxc3 e4 11. Ba3 Qd5 12. Ng3 Bg4 13. f3 exf3 14. gxf3 Be6 15. Re1 Kd7 16. Re5 Qc4 17. Bb4 Nd5 18. Ne4 Rae8 19. Nd2 Qa6 20. Nb3 Kc8 21. Nc5 Qc4 22. Ba5 g5 23. Qb1 Nb6 24. Nd3 Bd5 25. Qe1 Rd8 26. Qe3 Be6 27. Rc5 Qa4 28. Nb2 Qxc2 29. Nd1 g4 30. f4 Bd5 31. Nf2 Rde8 32. Qg3 h5 33. c4 Bf3 34. Qh4 Qb2 35. Rf1 Qxd4 36. Qg5 Nd7 37. Rf5 Rhg8 38. Qh4 Qxc4 39. Rxh5 g3 0-1